 Dungeon Crawl Stone Soup version 0.29-a0-323-g050149af67 (webtiles) character file.

Game seed: 10632457849363656747

497 spaghetti the Covert (level 6, -4/48 HPs)
             Began as a Demigod Brigand on Apr 10, 2022.
             Slain by an orc warrior
             ... wielding a +0 vorpal glaive
              (6 damage)
             ... on level 3 of the Dungeon.
             The game lasted 00:05:18 (3586 turns).

spaghetti the Covert (Demigod Brigand)              Turns: 3586, Time: 00:05:19

Health: -4/48      AC:  3    Str: 12    XL:     6   Next: 61%
Magic:  8/8        EV: 12    Int: 13    God:
Gold:   136        SH:  0    Dex: 29    Spells: 5/5 levels left

rFire   . . .      SeeInvis .   m - +0 dagger (venom) {short}
rCold   . . .      Faith    .   (no shield)
rNeg    . . .      Spirit   .   b - +0 robe
rPois   +          Reflect  .   (no helmet)
rElec   .          Harm     .   c - +0 cloak
rCorr   .          Rampage  .   (no gloves)
Will    .....                   (no boots)
Stlth   +++++.....              (no amulet)
HPRegen 0.16/turn               h - +6 ring of dexterity
MPRegen 0.11/turn               (no ring)

@: no status effects
A: high MP 1, forlorn, divine attributes, claws 1, poison resistance
a: no special abilities


You were on level 3 of the Dungeon.
You visited 1 branch of the dungeon, and saw 4 of its levels.

You collected 136 gold pieces.


Innate Abilities, Weirdness & Mutations

You have an increased reservoir of magic. (+10% MP)
You shall have no god before yourself.
Your divine heritage dramatically boosts your attributes as you level up.
You have sharp fingernails.
Your system is resistant to poisons. (rPois)


   Skills:
 - Level 1.7 Fighting
 - Level 1.7 Short Blades
 - Level 1.7 Throwing
 - Level 0.8 Dodging
 + Level 8.2 Stealth


You had 5 spell levels left.
You didn't know any spells.
Your spell library contained the following spells:

 Spells                   Type           Power      Damage    Failure   Level
 Summon Small Mammal      Summ           0%         N/A       30%         1
 Call Canine Familiar     Summ           0%         N/A       67%         3
 Ozocubu's Armour         Ice            0%         N/A       67%         3
 Summon Guardian Golem    Hex/Summ       0%         N/A       67%         3
 Metabolic Englaciation   Hex/Ice        0%         N/A       100%        5
 Simulacrum               Ice/Necr       0%         N/A       100%        6

Inventory:

Hand Weapons
 a - a +2 dagger {short}
 j - a +1 dagger of speed {short}
   (You took it off an orc on level 3 of the Dungeon)
 m - a +0 dagger of venom (weapon) {short}
   (You took it off an orc on level 4 of the Dungeon)
Missiles
 d - 9 poisoned darts {throwing}
 e - 2 curare-tipped darts {=fthrowing}
 i - 73 stones (quivered) {throwing}
Armour
 b - a +0 robe (worn)
 c - a +0 cloak (worn)
Jewellery
 h - a +6 ring of dexterity (left claw)
   (You found it on level 1 of the Dungeon)
 k - a ring of poison resistance
   (You took it off an orc on level 3 of the Dungeon)
Wands
 f - a wand of digging (8)
   (You found it on level 4 of the Dungeon)
Scrolls
 g - a scroll of blinking {unknown}
 p - a scroll of teleportation {@r4}
 r - a scroll of identify {unknown}
Potions
 l - a potion of attraction {!q}
 n - a potion of resistance {unknown}
 q - a potion of invisibility

Dungeon Overview and Level Annotations

Branches:
Dungeon (4/15)
 Temple: D:4-7

Shops:
D:4

? #.# ##
#.# #g
#.# #(.
#.# .(o
#.# #o#
#.# #o#
#.#
#o#####.#
#@.....#
#.#######
#.# ..#
.## #


You could see an orc warrior (extremely poisoned), an orc wizard, 2 orcs and a
goblin (wandering).


Message History

You throw a stone {throwing}. The stone {throwing} hits Natasha.
Natasha stares at you and mumbles some strange words.
The magic dart hits you.
You are too injured to fight recklessly!
You are too injured to fight recklessly!
You are too injured to fight recklessly!
You are too injured to fight recklessly! 😕 HP[-4]
You take 4 damage, and now have 44/48 hp.
You are too injured to fight recklessly!
You are too injured to fight recklessly!
You are too injured to fight recklessly!
You are too injured to fight recklessly!
You are too injured to fight recklessly!
You are too injured to fight recklessly!
You are too injured to fight recklessly!
You are too injured to fight recklessly!
You are too injured to fight recklessly!
You are too injured to fight recklessly!
You are too injured to fight recklessly!
You are too injured to fight recklessly!
You are too injured to fight recklessly!
You are too injured to fight recklessly!
You are too injured to fight recklessly!
You are too injured to fight recklessly!
You are too injured to fight recklessly!
You are too injured to fight recklessly!
You are too injured to fight recklessly!
Unknown command.
Natasha closely misses you.
You hit Natasha.
Natasha is poisoned.
Natasha barely misses you. 😕 HP[+1]
You hit Natasha but do no damage.
Natasha mumbles some strange words.
Natasha shimmers violently.
Natasha casts a spell at you. The magic dart hits you. 😕 HP[-2]
You take 2 damage, and now have 43/48 hp.
You hit Natasha.
Natasha looks even sicker.
You hit Natasha.
You kill Natasha!
Natasha growls in agony!
You start resting. 😎 HP[+5]
Your hp is fully restored (48).
You see here the felid corpse of Natasha.
i - 77 stones {throwing} (gained 1)
i - 78 stones {throwing} (gained 1)
i - 79 stones {throwing} (gained 1)
An orc warrior and an orc come into view.
The orc warrior is wielding a +0 vorpal glaive.
There are monsters nearby!
There are monsters nearby!
There are monsters nearby!
There are monsters nearby!
You throw a stone {throwing}.
The stone {throwing} hits the orc warrior.
The orc warrior shouts!
You hear a shout!
An orc wizard comes into view. It is wielding a +0 dagger.
You throw a stone {throwing}.
The stone {throwing} hits the orc warrior but does no damage.
You throw a stone {throwing}.
The stone {throwing} barely misses the orc warrior.
You throw a stone {throwing}. The orc shouts!
The stone {throwing} hits the orc warrior but does no damage.
You hear a shout!
You throw a stone {throwing}.
The stone {throwing} barely misses the orc warrior.
The orc warrior completely misses you.
You throw a stone {throwing}.
The stone {throwing} hits the orc warrior but does no damage.
The orc warrior hits you from afar with a +0 vorpal glaive!
You are too injured to fight recklessly!
You are too injured to fight recklessly!
You are too injured to fight recklessly! 😕 HP[-11]
You take 11 damage, and now have 37/48 hp.
MASSIVE DAMAGE!! (PAUSE)
An orc comes into view. It is wielding a +0 trident.
The orc warrior barely misses you.
You hit the orc warrior but do no damage.
The orc warrior is poisoned.
You hit the orc warrior but do no damage.
The orc warrior looks as sick as possible!
The orc warrior closely misses you.
You hit the orc warrior but do no damage.
The orc warrior looks as sick as possible!
The orc warrior hits you with a +0 vorpal glaive!
* * * LOW HITPOINT WARNING * * *
x2 😨 HP[-16]
You take 16 damage, and now have 21/48 hp.
MASSIVE DAMAGE!! (PAUSE)
You hit the orc warrior but do no damage.
The orc warrior looks as sick as possible!
A goblin comes into view. It is wielding a +0 club.
The orc warrior hits you with a +0 vorpal glaive!!
* * * LOW HITPOINT WARNING * * *
You die...

Skill      XL: |  1  2  3  4  5  6 |
---------------+-------------------+-----
Stealth        | 4 6 7 8 |  8.2
Fighting       | |  1.7
Short Blades   | |  1.7
Throwing       | |  1.7
Dodging        | |  0.8

Action                   |  1- 3 |  4- 6 || total
-------------------------+-------+-------++-------
Melee: Dagger            |    50 |   142 ||   192
       Punch             |       |     1 ||     1
Throw: Dart              |    26 |       ||    26
       Stone             |    38 |   104 ||   142
  Use: Scroll            |     4 |       ||     4
       Potion            |     2 |     5 ||     7
 Stab: Distracted        |     2 |       ||     2
       Sleeping          |     2 |       ||     2
       Invisible         |     2 |       ||     2
Armor: Robe              |    10 |    16 ||    26
Dodge: Dodged            |    35 |    49 ||    84

Levels and vault maps discovered:
D:1:      tarquinn_simple_flora_water_e, layout_rooms, minmay_tetromino_s4
D:2:      layout_rooms, ebering_ecumenical_altar_rust
D:3:      layout_loops_ring, grunt_ministairs_9, uniq_natasha, uniq_grinder
D:4:      layout_basic, nicolae_gozag_cash_rules_everything_around_me,
          general_overflow_altar, nicolae_ossuary_entry_monument,
          grunt_decor_mini_mirrors, kennysheep_small_square

Notes
Turn   | Place    | Note
-------+----------+-------------------------------------------
     0 | D:1      | spaghetti the Demigod Brigand began the quest for the Orb.
     0 | D:1      | Reached XP level 1. HP: 17/17 MP: 3/3
     0 | D:1      | magus.rc [v1.9.6]
    99 | D:1      | Reached skill level 4 in Stealth
   243 | D:1      | You pick up a book of Callings and begin reading...
   243 | D:1      | You add the spells Summon Small Mammal, Call Canine
                  | Familiar and Summon Guardian Golem to your library.
   257 | D:1      | Reached XP level 2. HP: 24/24 MP: 4/4
   885 | D:2      | You pick up a book of Winter and begin reading...
   885 | D:2      | You add the spells Ozocubu's Armour, Metabolic Englaciation
                  | and Simulacrum to your library.
   894 | D:2      | You fall into a shaft and drop 2 floors!
   930 | D:4      | Noticed a wyvern
   934 | D:4      | HP: 6/24 [wyvern (14)]
   955 | D:4      | Killed a wyvern
   956 | D:4      | Reached skill level 6 in Stealth
   956 | D:4      | Reached XP level 3. HP: 9/29 MP: 5/5
   956 | D:4      | Reached XP level 4. HP: 11/36 MP: 6/6
   956 | D:4      | Reached XP level 5. HP: 12/41 MP: 7/7
  1428 | D:4      | Found a sand-covered staircase.
  1829 | D:4      | Reached skill level 7 in Stealth
  2256 | D:4      | Reached XP level 6. HP: 44/48 MP: 8/8
  2731 | D:4      | Found Fewior's Magic Scroll Shop.
  3146 | D:3      | Reached skill level 8 in Stealth
  3208 | D:3      | Gained mutation: You have sharp fingernails. [potion of
                  | mutation]
  3208 | D:3      | Gained mutation: Your system is resistant to poisons.
                  | (rPois) [potion of mutation]
  3511 | D:3      | Noticed Natasha
  3520 | D:3      | Killed Natasha
  3586 | D:3      | HP: 2/48 [orc warrior/+0 vorpal glaive (19)]
  3586 | D:3      | Slain by an orc warrior

Vanquished Creatures
  A wyvern (D:4)
  A bullfrog (D:4)
  3 hounds (D:4)
  An orc wizard (D:3)
  An iguana (D:4)
  Natasha (D:3)
  4 adders (D:4)
  A worm (D:3)
  2 dart slugs
  11 orcs
  4 ball pythons (D:1)
  6 bats
  5 endoplasms
  5 goblins
  6 hobgoblins
  6 kobolds
  2 quokkas
  2 frilled lizards
  3 rats
65 creatures vanquished.

Vanquished Creatures (others)
  2 plants (D:1)
2 creatures vanquished.

Grand Total: 67 creatures vanquished

Table legend:
 A = Non-vault XP
 B = Vault XP
 C = Vault XP percentage of total XP
 D = Non-vault monster count
 E = Vault monster count
 F = Vault count percentage of total count
                 A         B        C        D         E       F
            +---------+---------+-------+---------+---------+-------
      Total |     624 |      86 |  12.1 |      59 |       6 |   9.2
            +---------+---------+-------+---------+---------+-------
        D:1 |      38 |       4 |   9.5 |      20 |       2 |   9.1
        D:2 |       3 |       0 |   0.0 |       2 |       0 |   0.0
        D:3 |      66 |      35 |  34.7 |      13 |       2 |  13.3
        D:4 |     517 |      47 |   8.3 |      24 |       2 |   7.7
            +---------+---------+-------+---------+---------+-------

Illustrated notes

Table legend:
 A = Kills in this place as a percentage of kills in entire the game.
 B = Kills by you in this place as a percentage of kills by you in the entire game.
 C = Kills by friends in this place as a percentage of kills by friends in the entire game.
 D = Other kills in this place as a percentage of other kills in the entire game.
 E = Experience gained in this place as a percentage of experience gained in the entire game.
 F = Experience gained in this place divided by the number of levels of this place that you have seen.
                   A       B       C       D       E      F
               +-------+-------+-------+-------+-------+----------------------
         Total | 100.0 | 100.0 |   N/A |   N/A | 100.0 | 177.5
       Dungeon | 100.0 | 100.0 |   N/A |   N/A | 100.0 | 177.5
               +-------+-------+-------+-------+-------+----------------------

Table legend: (Time is in decaauts)
 A = Elapsed time spent in this place.
 B = Non-inter-level travel time spent in this place.
 C = Inter-level travel time spent in this place.
 D = Time resting spent in this place.
 E = Time spent auto-exploring this place.
 F = Levels seen in this place.
 G = Mean time per level.
                   A        B        C        D        E       F      G
               +--------+--------+--------+--------+--------+-----+--------+
         Total |   3569 |   3441 |    128 |   1497 |   1386 |   4 |  892.2 |
       Dungeon |   3569 |   3441 |    128 |   1497 |   1386 |   4 |  892.2 |
               +--------+--------+--------+--------+--------+-----+--------+

Top non-repeatable levels by time:
     D:4: 2053 daAuts
     D:1: 845 daAuts
     D:3: 627 daAuts
     D:2: 43 daAuts
